 Dungeon Sprint DCSS version 0.30-a0-802-gb92711bcdf (webtiles) character file.

Game seed: 148539779100199978

0 rocky1 the Digger (level 1, 0/10 HPs)
             Began as a Gargoyle Earth Elementalist on Feb 24, 2023.
             Was an Initiate of Gozag.
             Slain by a river rat (2 damage)
             ... in the Dungeon (Sprint VI: "Thunderdome").
             The game lasted 00:00:52 (103 turns).

rocky1 the Digger (Gargoyle Earth Elementalist)      Turns: 103, Time: 00:00:52

Health: 0/10       AC:  4    Str: 11    XL:     1   Next: 30%
Magic:  0/3        EV: 11    Int: 15    God:    Gozag
Gold:   281        SH:  0    Dex: 10    Spells: 3/4 levels left

rFire   . . .      SeeInvis .    (no weapon)
rCold   . . .      Faith    .    (no shield)
rNeg    + . .      Spirit   .    a - +0 robe
rPois   ∞          Reflect  .    (no helmet)
rElec   +          Harm     .    (no cloak)
rCorr   .          Rampage  .    (no gloves)
Will    .....      NoTele   +    (no boots)
Stlth   ++                       (no amulet)
HPRegen 0.21/turn                (no ring)
MPRegen 0.08/turn                (no ring)

@: no status effects
A: sickness immunity, AC +2, negative energy resistance 1, electricity
resistance, torment resistance 1, petrification resistance
a: Renounce Religion, Potion Petition, Call Merchant, Bribe Branch


You were in the Dungeon.
You worshipped Gozag.
Gozag was aware of your devotion.
You visited 1 branch You collected 281 gold pieces.

Inventory:

Armour
 a - a +0 robe (worn)
Wands
 i - a wand of quicksilver (5)
 j - a wand of iceblast (5)
Scrolls
 g - 4 scrolls of blinking
 k - 3 scrolls of fog
Potions
 b - 3 potions of magic
 c - a potion of curing
 d - 4 potions of heal wounds
 e - 4 potions of haste
 f - a potion of berserk rage
 h - a potion of resistance


   Skills:
 - Level 1.5 Dodging
 - Level 2.1 Stealth
 + Level 2.3 Spellcasting
 - Level 0.7 Transmutations
 * Level 4.4 Earth Magic


You had 3 spell levels left.
You knew the following spells:

 Your Spells              Type           Power      Damage    Failure   Level
a - Sandblast             Erth           30%        2d9       3%          1

Your spell library contained the following spells:

 Spells                   Type           Power      Damage    Failure   Level
 Passwall                 Tmut/Erth      7%         N/A       12%         2
 Stone Arrow              Conj/Erth      16%        3d8       26%         3
 Petrify                  Tmut/Erth      9%         N/A       58%         4


Dungeon Overview and Level Annotations

Branches:
Dungeon (1/1)

Altars:
Cheibriados
Dithmenos
Fedhas
Gozag
Kikubaaqudgha
Makhleb
Okawaru
Qazlal
Ru
Sif Muna
Trog
Uskayaw
Vehumet
Wu Jian
Xom
Yredelemnul
Zin
The Shining One
Lugonu

Shops:
D *[??*?*:[((!!!!


Innate Abilities, Weirdness & Mutations

You are immune to sickness and miasma.
Your stone body is resilient. (AC +2)
You are immune to poison.
You resist negative energy. (rN+)
You are resistant to electric shocks. (rElec)
You are resistant to unholy torment.
You are immune to petrification.


Message History

Aim: a quokka (75% to hit)
The blast of sand hits the quokka.
The quokka is moderately wounded.
The quokka bites you but does no damage.
You don't have enough magic to cast this spell.
You don't have enough magic to cast this spell.
You closely miss the quokka.
The quokka is moderately wounded.
The quokka closely misses you. The quokka bites you.
You barely miss the quokka.
The quokka is moderately wounded.
The quokka bites you but does no damage.
Aiming: Sandblast (safe; 4% risk of failure)
Press: ? - help, Q - select action, (/) - cycle Shift-Dir - straight line, f/p - quokka
Aim: a quokka (moderately wounded, 75% to hit)
The blast of sand hits the quokka!
You kill the quokka!
You now have 281 gold pieces (gained 27).
You start resting.
HP restored.
You start resting.
A river rat comes into view.
Aiming: Sandblast (safe; 3% risk of failure)
Press: ? - help, Q - select action, (/) - cycle Shift-Dir - straight line, f - river rat
Aim: a river rat (80% to hit)
The blast of sand hits the river rat but does no damage.
Aiming: Sandblast (safe; 3% risk of failure)
Press: ? - help, Q - select action, (/) - cycle Shift-Dir - straight line, f/p - river rat
Aim: a river rat (80% to hit)
The blast of sand hits the river rat!
The river rat is almost dead.
The river rat barely misses you.
You hit the river rat but do no damage.
The river rat is almost dead.
The river rat bites you!
Ouch! That really hurt!
* * * LOW HITPOINT WARNING * * *
The river rat attacks as you move away! The river rat bites you.
You die...
Your body crumbles into a pile of gold.

###.........###
#⌠...........⌠#
####.8.........8.######
___......###......___∩##
.......8.# #.8........∩###
.........###.............##
......###...###..........⌠#
......# #.<.# #..........⌠#
......###...###.@........⌠#
.........###...r.........##
.......8.# #.8........∩###
___......###......___∩##
####.8.........8.######
#⌠...........⌠#
###.........### #........_#
#_........#


You could see a river rat.

Vanquished Creatures
  A quokka (D)
  A rat (D)
2 creatures vanquished.

Notes
Turn   | Place    | Note
-------+----------+-------------------------------------------
     0 | D        | rocky1 the Gargoyle Earth Elementalist began the quest for
                  | the Orb.
     0 | D        | Reached XP level 1. HP: 10/10 MP: 3/3
     5 | D        | Found a sacrificial altar of Ru.
     5 | D        | Round 1.
     6 | D        | Found a stormy altar of Qazlal.
     6 | D        | Found a radiant altar of Vehumet.
     7 | D        | Found a glowing golden altar of the Shining One.
     7 | D        | Found a hide-covered altar of Uskayaw.
     8 | D        | Found Pukliex's Identification Station.
     8 | D        | Found an iron altar of Okawaru.
     8 | D        | Found a basalt altar of Yredelemnul.
     9 | D        | Found Zuruonot's Advanced Armour.
     9 | D        | Found Taotedd's Jewellery.
     9 | D        | Found a shadowy altar of Dithmenos.
    10 | D        | Found Zasi's Premium Goods.
    11 | D        | Found Cynot's Miscellaneous Merchandise.
    11 | D        | Found Ykhluesh's Basic Armour.
    12 | D        | Found an ornate altar of the Wu Jian Council.
    12 | D        | Found an opulent altar of Gozag.
    12 | D        | Found Kedosk's Weapon Rack.
    20 | D        | Became a worshipper of Gozag Ym Sagoz the Greedy
    32 | D        | Found a shimmering altar of Xom.
    33 | D        | Found a snail-covered altar of Cheibriados.
    34 | D        | Found a shimmering blue altar of Sif Muna.
    35 | D        | Found Siseg's Magic Scroll Shop.
    36 | D        | Found a burning altar of Makhleb.
    36 | D        | Found Inifacoc's Staff Store.
    36 | D        | Found Honeniet's Magic Scroll Shop.
    36 | D        | Found Xurig's Must-Have Magic.
    40 | D        | Found an ancient bone altar of Kikubaaqudgha.
    41 | D        | Found a blossoming altar of Fedhas.
    42 | D        | Found a glowing silver altar of Zin.
    43 | D        | Found Miaceciy's Distillery.
    44 | D        | Found Riem Ruitt's Distillery.
    44 | D        | Found Biogozxo's Bottled Wisdom.
    44 | D        | Found a bloodstained altar of Trog.
    44 | D        | Found a corrupted altar of Lugonu.
    44 | D        | Found Elezeu Nuucw's Do-It-Yourself Clinic.
    59 | D        | Reached skill level 4 in Earth Magic
   103 | D        | Slain by a river rat

Illustrated notes

Levels and vault maps discovered:
D:        arena_sprint

Skill      XL: |  1 |
---------------+----+-----
Earth Magic    | 4 |  4.4
Dodging        | |  1.5
Stealth        | |  2.1
Spellcasting   | |  2.3
Transmutations | |  0.7

Action                     || total
---------------------------++-------
  Melee: Unarmed           ||     9
   Cast: Sandblast         ||     6
 Armour: Robe              ||     5
  Dodge: Dodged            ||     4

Table legend: (Time is in decaauts)
 A = Elapsed time spent in this place.
 B = Non-inter-level travel time spent in this place.
 C = Inter-level travel time spent in this place.
 D = Time resting spent in this place.
 E = Time spent auto-exploring this place.
 F = Levels seen in this place.
 G = Mean time per level.
                   A        B        C        D        E       F      G
               +--------+--------+--------+--------+--------+-----+--------+
         Total |    106 |    106 |      0 |     21 |      0 |   1 |  106.0 |
       Dungeon |    106 |    106 |      0 |     21 |      0 |   1 |  106.0 |
               +--------+--------+--------+--------+--------+-----+--------+

Top non-repeatable levels by time:
       D: 106 daAuts
